 Dungeon Crawl Stone Soup version 0.21.1-1-g345015f (webtiles) character file.

903 xccam the Cleaver (level 7, -5/57 HPs)
             Began as a Minotaur Fighter on Apr 2, 2018.
             Was an Initiate of Cheibriados.
             Slain by Curus's ghost (12 damage)
             ... on level 6 of the Dungeon.
             The game lasted 00:07:41 (3925 turns).

xccam the Cleaver (Minotaur Fighter)                Turns: 3925, Time: 00:07:43

Health: -5/57      AC:  9    Str: 23    XL:     7   Next: 80%
Magic:  0/6        EV: 13    Int:  6    God:    Cheibriados [......]
Gold:   334        SH: 11    Dex: 19    Spells: 6/6 levels left

rFire    . . .     SeeInvis +   a - +0 war axe
rCold    . . .     Gourm    .   c - +0 shield
rNeg     . . .     Faith    .   b - +0 scale mail
rPois    .         Spirit   +   (helmet restricted)
rElec    .         Reflect  .   (no cloak)
rCorr    .         Harm     .   p - +1 pair of gloves
MR       .....                  (no boots)
Stlth    +.........             t - amulet of guardian spirit
HPRegen  0.19/turn              x - ring of see invisible
MPRegen  0.10/turn              e - +3 ring of dexterity

@: agile, very slow
A: retaliatory headbutt, horns 2
a: Bend Time, Renounce Religion


You were on level 6 of the Dungeon.
You worshipped Cheibriados.
Cheibriados was noncommittal.
You were not hungry.

You visited 2 branches of the dungeon, and saw 7 of its levels.

You collected 334 gold pieces.

Inventory:

Hand Weapons
 a - a +0 war axe (weapon)
Armour
 b - a +0 scale mail (worn)
 c - a +0 shield (worn)
 p - a +1 pair of gloves (worn)
Jewellery
 e - a +3 ring of dexterity (right hand)
 t - an amulet of guardian spirit (around neck)
 x - a ring of see invisible (left hand)
Wands
 y - a wand of polymorph (13)
Scrolls
 d - 2 scrolls of fear {unknown}
 g - 4 scrolls of remove curse
 h - 3 scrolls of teleportation {unknown}
 i - 2 scrolls of noise {unknown}
 k - a scroll of immolation {unknown}
 n - 3 scrolls of amnesia {unknown}
 q - 2 scrolls of blinking {unknown}
 v - 4 scrolls of magic mapping {unknown}
Potions
 j - a potion of agility
 l - a potion of haste {unknown}
 m - a potion of brilliance
 o - 2 potions of flight
 r - a potion of ambrosia
 u - a potion of curing
 w - a potion of lignification {unknown}
 z - a potion of magic {unknown}
Comestibles
 f - 7 rations


   Skills:
 - Level 3.6 Fighting
 - Level 10.0 Axes
 - Level 3.6 Armour
 + Level 5.7 Shields


You had 6 spell levels left.
You didn't know any spells.

Dungeon Overview and Level Annotations

Branches:
Dungeon (6/15)             Temple (1/1) D:5

Altars:
Cheibriados
Dithmenos
Elyvilon
Fedhas
Gozag
Hepliaklqana
Kikubaaqudgha
Makhleb
Okawaru
Qazlal
Ru
Trog
Uskayaw
Vehumet
Wu Jian
Xom
Yredelemnul
Zin
The Shining One

Annotations:
D:6 Curus's ghost, novice HOBe


Innate Abilities, Weirdness & Mutations

You reflexively headbutt those who attack you in melee.
You have a pair of horns on your head.


Message History

You hit Curus's ghost.
Curus's ghost is severely damaged.
You block Curus's ghost's attack.
Your shield prevents you from hitting Curus's ghost.
Curus's ghost is severely damaged.
Curus's ghost hits you!
* * * LOW HITPOINT WARNING * * *
You completely miss Curus's ghost.
You headbutt Curus's ghost, but do no damage.
Curus's ghost is severely damaged.
Curus's ghost hits you but does no damage.
You block Curus's ghost's attack.
You hit Curus's ghost but do no damage.
Curus's ghost is severely damaged.
Curus's ghost hits you!
* * * LOW HITPOINT WARNING * * *
You slash Curus's ghost!
Curus's ghost is almost destroyed.
Curus's ghost hits you!
You die...

#####
....
##..###
....>
#..#
#<.#
#.@#
#.#W#
..###g#
#.#


#gg #.# #g# ## ... ### You could see a gnoll shaman, Curus's ghost and 3 gnolls.

Vanquished Creatures
  The ghost of Taravok the Shield-Bearer, an amateur HOFi (D:4)
  An ogre (D:4)
  A phantom (D:4)
  A bullfrog (D:3)
  A howler monkey (D:4)
  A bullfrog zombie (D:5)
  A hound (D:4)
  A bullfrog skeleton (D:3)
  A gnoll shaman (D:3)
  An orc wizard (D:5)
  A worker ant (D:4)
  A hound zombie (D:5)
  A hound skeleton (D:4)
  7 gnolls
  4 adders
  An adder skeleton (D:4)
  3 dart slugs
  A leopard gecko (D:1)
  7 orcs
  8 bats
  5 giant cockroaches
  10 goblins
  9 hobgoblins
  9 jackals
  A quokka (D:3)
  4 frilled lizards
  14 kobolds
  A leopard gecko skeleton (D:4)
  A leopard gecko zombie (D:5)
  10 rats
108 creatures vanquished.

Notes
Turn   | Place    | Note
-------+----------+-------------------------------------------
     0 | D:1      | xccam the Minotaur Fighter began the quest for the Orb.
     0 | D:1      | Reached XP level 1. HP: 19/19 MP: 0/0
   103 | D:1      | Reached skill level 3 in Axes
   129 | D:1      | Reached XP level 2. HP: 26/26 MP: 1/1
   279 | D:1      | Reached skill level 4 in Axes
   417 | D:1      | Reached XP level 3. HP: 29/31 MP: 2/2
   914 | D:2      | Reached skill level 5 in Axes
  1104 | D:2      | Reached XP level 4. HP: 39/39 MP: 3/3
  1875 | D:3      | Reached skill level 6 in Axes
  1898 | D:3      | Noticed a bullfrog
  1906 | D:3      | Killed a bullfrog
  1906 | D:3      | Reached XP level 5. HP: 26/45 MP: 4/4
  1989 | D:3      | Reached skill level 7 in Axes
  2384 | D:3      | Found a hide-covered altar of Uskayaw.
  2386 | D:3      | Found a glowing golden altar of the Shining One.
  2391 | D:3      | Found an iron altar of Okawaru.
  2391 | D:3      | Found an ancient bone altar of Kikubaaqudgha.
  2391 | D:3      | Found a hazy altar of Hepliaklqana.
  2391 | D:3      | Found a white marble altar of Elyvilon.
  2392 | D:3      | Found a radiant altar of Vehumet.
  2393 | D:3      | Found a shadowy altar of Dithmenos.
  2394 | D:3      | Found a burning altar of Makhleb.
  2641 | D:4      | Noticed Taravok's ghost (amateur HOFi)
  2645 | D:4      | Reached XP level 6. HP: 42/51 MP: 5/5
  2650 | D:4      | Killed Taravok's ghost
  2650 | D:4      | Reached skill level 9 in Axes
  2652 | D:4      | Reached XP level 7. HP: 27/57 MP: 6/6
  2989 | D:4      | Reached skill level 10 in Axes
  3216 | D:5      | Entered Level 5 of the Dungeon
  3527 | D:5      | Reached skill level 5 in Shields
  3555 | D:5      | Found a staircase to the Ecumenical Temple.
  3564 | Temple   | Entered the Ecumenical Temple
  3607 | Temple   | Became a worshipper of Cheibriados the Contemplative
  3902 | D:6      | Noticed Curus's ghost (novice HOBe)
  3925 | D:6      | Slain by Curus's ghost

Skill      XL: |  1  2  3  4  5  6  7 |
---------------+----------------------+-----
Axes           | 3 4 5 6 7 9 10 | 10.0
Shields        | 5 |  5.7
Fighting       | |  3.6
Armour         | |  3.6

Action                   |  1- 3 |  4- 6 |  7- 9 || total
-------------------------+-------+-------+-------++-------
Melee: War axe           |   113 |    86 |    94 ||   293
       Headbutt          |    10 |    11 |    19 ||    40
  Use: Scroll            |       |     1 |     5 ||     6
       Potion            |       |     2 |     3 ||     5
  Eat: Chunk             |     1 |     4 |     5 ||    10
Armor: Scale mail        |    59 |    39 |    19 ||   117
Dodge: Dodged            |    39 |    22 |    20 ||    81
Block: Shield            |    65 |    50 |    38 ||   153
